TOP OF THE 1ST |
Plymouth Cocks batting - Pitching for San Pablo de las Salinas Doctors : RHP Sergio Hernández
|
Pitching: RHP Sergio Hernández
|
|
Batting: RHB Pablo Hernández
|
0-0: Foul Ball, location: 2F 0-1: Bunted foul 0-2: Foul Ball, location: 2F 0-2: Ground out 4-3 (Groundball, 34)
|
Batting: LHB José Guzmán
|
0-0: Ball 1-0: Ball 2-0: Foul Ball, location: 2F 2-1: SINGLE (Line Drive, 56D)
|
Batting: RHB Kelly Graham
|
0-0: Ball 1-0: DOUBLE (Groundball, 5L) José Guzmán to third
|
Batting: RHB Tomás Díaz
|
0-0: Swinging Strike 0-1: Called Strike 0-2: Foul Ball, location: 2F 0-2: Strikes out swinging
|
Batting: RHB Chris Hall
|
0-0: Ball 1-0: Fly out, F2 (Popup, 2L)
|
Top of the 1st over - 0 run(s), 2 hit(s), 0 error(s), 2 left on base; Plymouth 0 - San Pablo de las Salinas 0 |
BOTTOM OF THE 1ST |
San Pablo de las Salinas Doctors batting - Pitching for Plymouth Cocks : LHP Roberto Galaz
|
Pitching: LHP Roberto Galaz
|
|
Batting: SHB Jorge Maldonado
|
0-0: SINGLE (Flyball, 78S)
|
Batting: SHB Carlos González
|
0-0: Ball 1-0: Called Strike 1-1: Ball 2-1: Swinging Strike Passed Ball! Jorge Maldonado to second 2-2: Ball 3-2: Foul Ball, location: 2F 3-2: Strikes out swinging
|
Batting: SHB José Vélez
|
0-0: Ball Wild Pitch! Jorge Maldonado to third 1-0: Ball Wild Pitch! Jorge Maldonado scores 2-0: Swinging Strike 2-1: Swinging Strike 2-2: Foul Ball, location: 2F 2-2: Strikes out swinging
|
Batting: RHB John Jones
|
0-0: Called Strike 0-1: Ball 1-1: Ball 2-1: Called Strike 2-2: Ball 3-2: Strikes out swinging
|
Bottom of the 1st over - 1 run(s), 1 hit(s), 0 error(s), 0 left on base; Plymouth 0 - San Pablo de las Salinas 1 |
TOP OF THE 2ND |
Plymouth Cocks batting - Pitching for San Pablo de las Salinas Doctors : RHP Sergio Hernández
|
Batting: RHB Phil Hacker
|
0-0: Called Strike 0-1: Foul Ball, location: 2F 0-2: Foul Ball, location: 2F 0-2: Foul Ball, location: 2F 0-2: Ball 1-2: Strikes out swinging
|
Batting: RHB Chase Wilkerson
|
0-0: Ball 1-0: Fly out, F7 (Flyball, 7M)
|
Batting: LHB Greg Sharpe
|
0-0: Called Strike 0-1: Ball 1-1: Ball 2-1: Ball 3-1: Swinging Strike 3-2: Strikes out swinging
|
Top of the 2nd over - 0 run(s), 0 hit(s), 0 error(s), 0 left on base; Plymouth 0 - San Pablo de las Salinas 1 |
BOTTOM OF THE 2ND |
San Pablo de las Salinas Doctors batting - Pitching for Plymouth Cocks : LHP Roberto Galaz
|
Batting: RHB Pedro López
|
0-0: Called Strike 0-1: Fly out, F8 (Flyball, 8LM)
|
Batting: RHB Luis López
|
0-0: Ball 1-0: SINGLE (Groundball, 56D)
|
Batting: RHB Sandro Hernández
|
0-0: Foul Ball, location: 2F 0-1: Ball 1-1: Called Strike 1-2: Ball 2-2: Ball 3-2: Foul Ball, location: 2F 3-2: Fly out, F8 (Flyball, 8RM)
|
Batting: SHB Jorge Aguilar
|
0-0: Called Strike 0-1: Called Strike 0-2: Foul Ball, location: 2F 0-2: Strikes out swinging
|
Bottom of the 2nd over - 0 run(s), 1 hit(s), 0 error(s), 1 left on base; Plymouth 0 - San Pablo de las Salinas 1 |
TOP OF THE 3RD |
Plymouth Cocks batting - Pitching for San Pablo de las Salinas Doctors : RHP Sergio Hernández
|
Batting: LHB Will Elliott
|
0-0: Called Strike 0-1: Ball 1-1: Swinging Strike 1-2: Strikes out swinging
|
Batting: RHB Pablo Hernández
|
0-0: Swinging Strike 0-1: Ball 1-1: Swinging Strike 1-2: Fly out, F9 (Flyball, 89S)
|
Batting: LHB José Guzmán
|
0-0: DOUBLE (Flyball, 8LM)
|
Batting: RHB Kelly Graham
|
0-0: Called Strike 0-1: Foul Ball, location: 2F 0-2: Ball 1-2: Ground out 6-3 (Groundball, 6)
|
Top of the 3rd over - 0 run(s), 1 hit(s), 0 error(s), 1 left on base; Plymouth 0 - San Pablo de las Salinas 1 |
BOTTOM OF THE 3RD |
San Pablo de las Salinas Doctors batting - Pitching for Plymouth Cocks : LHP Roberto Galaz
|
Batting: LHB Julián Díaz
|
0-0: Ball 1-0: Ball 2-0: Called Strike 2-1: Reached on error, E6 (Groundball, 6M)
|
Batting: SHB Jorge Maldonado
|
0-0: Ground out U3 (Groundball, 3S) Julián Díaz to third
|
Batting: SHB Carlos González
|
0-0: Ball 1-0: Ground out 6-3 (Groundball, 6) Julián Díaz scores
|
Batting: SHB José Vélez
|
0-0: Ball 1-0: Ball 2-0: Foul Ball, location: 2F 2-1: Foul Ball, location: 2F 2-2: Foul Ball, location: 2F 2-2: Foul Ball, location: 2F 2-2: Foul Ball, location: 2F 2-2: Ball 3-2: Base on Balls
|
Batting: RHB John Jones
|
0-0: Called Strike José Vélez is caught stealing 2nd base
|
Bottom of the 3rd over - 1 run(s), 0 hit(s), 1 error(s), 0 left on base; Plymouth 0 - San Pablo de las Salinas 2 |
TOP OF THE 4TH |
Plymouth Cocks batting - Pitching for San Pablo de las Salinas Doctors : RHP Sergio Hernández
|
Batting: RHB Tomás Díaz
|
0-0: Ground out 6-3 (Groundball, 6)
|
Batting: RHB Chris Hall
|
0-0: Called Strike 0-1: Called Strike 0-2: Ball 1-2: Strikes out looking
|
Batting: RHB Phil Hacker
|
0-0: Ball 1-0: Called Strike 1-1: Called Strike 1-2: Strikes out swinging
|
Top of the 4th over - 0 run(s), 0 hit(s), 0 error(s), 0 left on base; Plymouth 0 - San Pablo de las Salinas 2 |
BOTTOM OF THE 4TH |
San Pablo de las Salinas Doctors batting - Pitching for Plymouth Cocks : LHP Roberto Galaz
|
Batting: RHB John Jones
|
0-0: Fly out, F3 (Popup, 3L)
|
Batting: RHB Pedro López
|
0-0: Ground out 5-3 (Groundball, 56)
|
Batting: RHB Luis López
|
0-0: Called Strike 0-1: Fly out, F9 (Line Drive, 89M)
|
Bottom of the 4th over - 0 run(s), 0 hit(s), 0 error(s), 0 left on base; Plymouth 0 - San Pablo de las Salinas 2 |
TOP OF THE 5TH |
Plymouth Cocks batting - Pitching for San Pablo de las Salinas Doctors : RHP Sergio Hernández
|
Batting: RHB Chase Wilkerson
|
0-0: Swinging Strike 0-1: Called Strike 0-2: Strikes out swinging
|
Batting: LHB Greg Sharpe
|
0-0: Ground out 4-3 (Groundball, 4)
|
Batting: LHB Will Elliott
|
0-0: Called Strike 0-1: Ball 1-1: Called Strike 1-2: Foul Ball, location: 2F 1-2: Strikes out looking
|
Top of the 5th over - 0 run(s), 0 hit(s), 0 error(s), 0 left on base; Plymouth 0 - San Pablo de las Salinas 2 |
BOTTOM OF THE 5TH |
San Pablo de las Salinas Doctors batting - Pitching for Plymouth Cocks : LHP Roberto Galaz
|
Batting: RHB Sandro Hernández
|
0-0: Swinging Strike 0-1: Ball 1-1: Foul Ball, location: 2F 1-2: Ball 2-2: Foul Ball, location: 2F 2-2: Foul Ball, location: 2F 2-2: SINGLE (Flyball, 9LM)
|
Batting: SHB Jorge Aguilar
|
0-0: Grounds into double play, 5-4-3 (Groundball, 56)
|
Batting: LHB Julián Díaz
|
0-0: Ball 1-0: Called Strike 1-1: Ball 2-1: Foul Ball, location: 2F 2-2: Foul Ball, location: 2F 2-2: Foul Ball, location: 2F 2-2: Strikes out looking
|
Bottom of the 5th over - 0 run(s), 1 hit(s), 0 error(s), 0 left on base; Plymouth 0 - San Pablo de las Salinas 2 |
TOP OF THE 6TH |
Plymouth Cocks batting - Pitching for San Pablo de las Salinas Doctors : RHP Sergio Hernández
|
Batting: RHB Pablo Hernández
|
0-0: Foul Ball, location: 2F 0-1: Called Strike 0-2: Ball 1-2: Ball 2-2: SINGLE (Groundball, 56D)
|
Batting: LHB José Guzmán
|
0-0: Called Strike Pablo Hernández steals 2nd base 0-1: Ball 1-1: Swinging Strike 1-2: Fly out, F2 (Popup, 2LF)
|
Batting: RHB Kelly Graham
|
0-0: Ball Pablo Hernández is caught stealing 3rd base 1-0: Reached on error, E5 (Groundball, 56)
|
Batting: RHB Tomás Díaz
|
0-0: Swinging Strike 0-1: Ball Kelly Graham steals 2nd base 1-1: Ball 2-1: Ball 3-1: Base on Balls
|
Batting: RHB Chris Hall
|
0-0: Called Strike 0-1: Called Strike 0-2: Ball 1-2: Ball 2-2: Ball 3-2: Base on Balls Kelly Graham to third Tomás Díaz to second
|
Pitching: RHP Rogerio Ibarra
|
|
Batting: RHB Phil Hacker
|
0-0: Called Strike 0-1: Called Strike 0-2: Ball 1-2: Ball 2-2: Ball 3-2: Foul Ball, location: 2F 3-2: Fly out, F4 (Popup, 34S)
|
Top of the 6th over - 0 run(s), 1 hit(s), 1 error(s), 3 left on base; Plymouth 0 - San Pablo de las Salinas 2 |
BOTTOM OF THE 6TH |
San Pablo de las Salinas Doctors batting - Pitching for Plymouth Cocks : LHP Roberto Galaz
|
Batting: SHB Jorge Maldonado
|
0-0: Bunt for hit - play at first, batter OUT! 1-3
|
Batting: SHB Carlos González
|
0-0: Called Strike 0-1: Swinging Strike 0-2: Ball 1-2: Ball 2-2: Strikes out looking
|
Batting: SHB José Vélez
|
0-0: Foul Ball, location: 2F 0-1: Foul Ball, location: 2F 0-2: Strikes out swinging
|
Bottom of the 6th over - 0 run(s), 0 hit(s), 0 error(s), 0 left on base; Plymouth 0 - San Pablo de las Salinas 2 |
TOP OF THE 7TH |
Plymouth Cocks batting - Pitching for San Pablo de las Salinas Doctors : RHP Rogerio Ibarra
|
Batting: RHB Chase Wilkerson
|
0-0: Called Strike 0-1: Swinging Strike 0-2: Foul Ball, location: 2F 0-2: Ball 1-2: Ball 2-2: Strikes out swinging
|
Batting: LHB Greg Sharpe
|
0-0: Ball 1-0: Fly out, F8 (Line Drive, 8LXD)
|
Batting: LHB Will Elliott
|
0-0: Swinging Strike 0-1: Called Strike 0-2: Foul Ball, location: 2F 0-2: Ball 1-2: Strikes out swinging
|
Top of the 7th over - 0 run(s), 0 hit(s), 0 error(s), 0 left on base; Plymouth 0 - San Pablo de las Salinas 2 |
BOTTOM OF THE 7TH |
San Pablo de las Salinas Doctors batting - Pitching for Plymouth Cocks : LHP Roberto Galaz
|
Pitching: RHP Aaron Williams
|
|
Batting: RHB John Jones
|
0-0: Foul Ball, location: 2F 0-1: Fly out, F9 (Flyball, 89M)
|
Batting: RHB Pedro López
|
0-0: Called Strike 0-1: Called Strike 0-2: Strikes out swinging
|
Batting: RHB Luis López
|
0-0: Ball 1-0: Reached on error, E6 (Groundball, 6)
|
Batting: RHB Sandro Hernández
|
0-0: Called Strike 0-1: Called Strike 0-2: Ball 1-2: Ball 2-2: Foul Ball, location: 2F 2-2: Ball 3-2: Strikes out swinging
|
Bottom of the 7th over - 0 run(s), 0 hit(s), 1 error(s), 1 left on base; Plymouth 0 - San Pablo de las Salinas 2 |
TOP OF THE 8TH |
Plymouth Cocks batting - Pitching for San Pablo de las Salinas Doctors : RHP Rogerio Ibarra
|
Batting: RHB Pablo Hernández
|
0-0: Called Strike 0-1: Foul Ball, location: 2F 0-2: Ball 1-2: Ball 2-2: Strikes out looking
|
Batting: LHB José Guzmán
|
0-0: Ball 1-0: Called Strike 1-1: Ball 2-1: Ground out 4-3 (Groundball, 4)
|
Batting: RHB Kelly Graham
|
0-0: Ball 1-0: Called Strike 1-1: DOUBLE (Groundball, 5L)
|
Pitching: RHP António Castaneda
|
|
Batting: RHB Tomás Díaz
|
0-0: Ball 1-0: Ball 2-0: Ball 3-0: Called Strike 3-1: Swinging Strike 3-2: Foul Ball, location: 2F 3-2: Base on Balls
|
Batting: RHB Chris Hall
|
0-0: Ground out 1-3 (Groundball, 23)
|
Top of the 8th over - 0 run(s), 1 hit(s), 0 error(s), 2 left on base; Plymouth 0 - San Pablo de las Salinas 2 |
BOTTOM OF THE 8TH |
San Pablo de las Salinas Doctors batting - Pitching for Plymouth Cocks : RHP Aaron Williams
|
Batting: SHB Jorge Aguilar
|
0-0: Ball 1-0: Ball 2-0: Ball 3-0: Called Strike 3-1: Called Strike 3-2: Base on Balls
|
Batting: LHB Julián Díaz
|
0-0: Ball 1-0: Sac Bunt - play at first, batter OUT! 5-4 Jorge Aguilar to second
|
Batting: SHB Jorge Maldonado
|
0-0: Ball 1-0: Ground out 4-3 (Groundball, 4) Jorge Aguilar to third
|
Batting: SHB Carlos González
|
0-0: DOUBLE (Line Drive, 89S) Jorge Aguilar scores
|
Batting: SHB José Vélez
|
0-0: Called Strike 0-1: Ball 1-1: Ball 2-1: Foul Ball, location: 2F 2-2: Ball 3-2: Foul Ball, location: 2F 3-2: Strikes out swinging
|
Bottom of the 8th over - 1 run(s), 1 hit(s), 0 error(s), 1 left on base; Plymouth 0 - San Pablo de las Salinas 3 |
TOP OF THE 9TH |
Plymouth Cocks batting - Pitching for San Pablo de las Salinas Doctors : RHP António Castaneda
|
Pitching: RHP Daniel Méndez
|
|
Batting: RHB Phil Hacker
|
0-0: Ball 1-0: Foul Ball, location: 2F 1-1: SINGLE (Groundball, 5D)
|
Batting: RHB Chase Wilkerson
|
0-0: Fly out, F8 (Flyball, 8LM)
|
Batting: LHB Greg Sharpe
|
0-0: Ball 1-0: Called Strike 1-1: Reached on error, E1 (Groundball, 13S) Phil Hacker to second
|
Pinch Hitting: RHB Juan Morales
|
0-0: Foul Ball, location: 2F 0-1: SINGLE (Groundball, 6MD) Phil Hacker to third Greg Sharpe to second Runner from 3rd tries for Home, SAFE, no throw or cutoff
|
Batting: RHB Pablo Hernández
|
0-0: Foul Ball, location: 2F 0-1: Foul Ball, location: 2F 0-2: Ball 1-2: Strikes out swinging
|
Batting: LHB José Guzmán
|
0-0: Ball 1-0: Called Strike 1-1: SINGLE (Line Drive, 34) Greg Sharpe to third Juan Morales to second Runner from 3rd tries for Home, SAFE, no throw or cutoff
|
Batting: RHB Kelly Graham
|
0-0: Ball 1-0: DOUBLE (Groundball, 5L) Juan Morales scores José Guzmán to third
|
Batting: RHB Tomás Díaz
|
0-0: Ball 1-0: Called Strike 1-1: Ball 2-1: Ball 3-1: Swinging Strike 3-2: Foul Ball, location: 2F 3-2: Foul Ball, location: 2F 3-2: Strikes out swinging
|
Top of the 9th over - 3 run(s), 4 hit(s), 1 error(s), 2 left on base; Plymouth 3 - San Pablo de las Salinas 3 |
BOTTOM OF THE 9TH |
San Pablo de las Salinas Doctors batting - Pitching for Plymouth Cocks : RHP Aaron Williams
|
Now in CF: Brian Jackson
|
|
Pinch Hitting: LHB Ramón Juárez
|
0-0: Foul Ball, location: 2F 0-1: Swinging Strike 0-2: Ball 1-2: Foul Ball, location: 2F 1-2: Ball 2-2: Foul Ball, location: 2F 2-2: Strikes out swinging
|
Batting: RHB Pedro López
|
0-0: Ball 1-0: Foul Ball, location: 2F 1-1: Foul Ball, location: 2F 1-2: Strikes out looking
|
Pinch Hitting: RHB Arturo Franco
|
0-0: Ball 1-0: Swinging Strike 1-1: Ball 2-1: Ball 3-1: Base on Balls
|
Batting: RHB Sandro Hernández
|
0-0: Ball 1-0: Ball 2-0: Fly out, F8 (Line Drive, 8LM)
|
Bottom of the 9th over - 0 run(s), 0 hit(s), 0 error(s), 1 left on base; Plymouth 3 - San Pablo de las Salinas 3 |
TOP OF THE 10TH |
Plymouth Cocks batting - Pitching for San Pablo de las Salinas Doctors : RHP Daniel Méndez
|
Now at C: Francisco Varela
|
|
Now at SS: Arturo Franco
|
|
Batting: RHB Chris Hall
|
0-0: Ball 1-0: Ball 2-0: Called Strike 2-1: Ball 3-1: Base on Balls
|
Pinch Hitting: RHB Cipriano Baca
|
0-0: Ball 1-0: Sac Bunt - play at first, batter OUT! 1-4 Chris Hall to second
|
Pinch Hitting: RHB Jake Erickson
|
0-0: Intentional Walk
|
Pinch Hitting: RHB Dan Duckworth
|
0-0: Ball 1-0: Ball 2-0: Fly out, F9 (Flyball, 9M)
|
Pinch Hitting: RHB Gary Wyatt
|
0-0: Called Strike 0-1: Ball 1-1: Called Strike 1-2: Strikes out looking
|
Top of the 10th over - 0 run(s), 0 hit(s), 0 error(s), 2 left on base; Plymouth 3 - San Pablo de las Salinas 3 |
BOTTOM OF THE 10TH |
San Pablo de las Salinas Doctors batting - Pitching for Plymouth Cocks : RHP Aaron Williams
|
Now at C: Jim Orr
|
|
Now at 1B: Dan Duckworth
|
|
Now at 2B: Cipriano Baca
|
|
Now in RF: Gary Wyatt
|
|
Pinch Hitting: LHB Stéphane Labat
|
0-0: Ground out 4-3 (Groundball, 4M)
|
Batting: LHB Julián Díaz
|
0-0: Ball 1-0: Ball 2-0: Called Strike 2-1: Ball 3-1: Swinging Strike 3-2: Fly out, F9 (Flyball, 89M)
|
Batting: SHB Jorge Maldonado
|
0-0: Fly out, F9 (Line Drive, 9M)
|
Bottom of the 10th over - 0 run(s), 0 hit(s), 0 error(s), 0 left on base; Plymouth 3 - San Pablo de las Salinas 3 |
TOP OF THE 11TH |
Plymouth Cocks batting - Pitching for San Pablo de las Salinas Doctors : RHP Daniel Méndez
|
Pitching: LHP Rodrigo Álvarez
|
|
Now in LF: Stéphane Labat
|
|
Batting: RHB Pablo Hernández
|
0-0: DOUBLE (Flyball, 9LS)
|
Batting: LHB José Guzmán
|
0-0: Ball 1-0: Called Strike 1-1: Ground out 1-3 (Groundball, 34S) Pablo Hernández to third
|
Batting: RHB Kelly Graham
|
0-0: Intentional Walk
|
Batting: RHB Tomás Díaz
|
0-0: Ball 1-0: Called Strike 1-1: Ball 2-1: Foul Ball, location: 2F 2-2: Ball 3-2: DOUBLE (Flyball, 8LS) Pablo Hernández scores Kelly Graham to third Runner from 3rd tries for Home, SAFE, no throw or cutoff
|
Batting: RHB Chris Hall
|
0-0: Called Strike 0-1: Ball 1-1: Ground out 6-3 (Groundball, 6)
|
Now at SS: Phil Moore
|
|
Batting: RHB Cipriano Baca
|
0-0: Ball 1-0: Fly out, F8 (Flyball, 8RM)
|
Top of the 11th over - 2 run(s), 2 hit(s), 0 error(s), 1 left on base; Plymouth 5 - San Pablo de las Salinas 3 |
BOTTOM OF THE 11TH |
San Pablo de las Salinas Doctors batting - Pitching for Plymouth Cocks : RHP Aaron Williams
|
Pitching: LHP John Dyer
|
|
Batting: SHB Carlos González
|
0-0: Ball 1-0: Fly out, F9 (Flyball, 89M)
|
Batting: SHB José Vélez
|
0-0: Ball 1-0: Called Strike 1-1: Ball 2-1: TRIPLE (Line Drive, 78M)
|
Batting: RHB Francisco Varela
|
0-0: Foul Ball, location: 2F 0-1: Fly out, F9 (Flyball, 9M) Runner from 3rd tags up, SCORES, throw made
|
Batting: RHB Pedro López
|
0-0: SINGLE (Groundball, 6MD) (infield hit)
|
Batting: RHB Phil Moore
|
0-0: Ball 1-0: Called Strike 1-1: Ball 2-1: Ball 3-1: SINGLE (Flyball, 9LS) Pedro López to second Throwing error, E9 Pedro López scores Phil Moore to second
|
Batting: RHB Sandro Hernández
|
0-0: Called Strike 0-1: Foul Ball, location: 2F 0-2: Foul Ball, location: 2F 0-2: SINGLE (Groundball, 56D) Phil Moore to third Runner from 3rd tries for Home, SAFE, no throw or cutoff
|
Monday, December 5th, 2016 - OOTP Baseball 17.12 Build 75
|
|